 Dungeon Sprint DCSS version 0.18.1-6-gd335043 (webtiles) character file.

2500000 tix the Demonspawn of Death (level 18, -21/183 HPs)
             Began as a Demonspawn Necromancer on May 18, 2016.
             Was a High Priest of Makhleb.
             Demolished by a destroyer
             ... wielding a +9 great sword of slicing
              (181 damage)
             ... in the Dungeon (Sprint VIII: "Arena of Blood").
             The game lasted 00:01:02 (25 turns).

tix the Demonspawn of Death (Demonspawn Necromancer)  Turns: 25, Time: 00:01:03

Health: -21/183    AC:  5    Str: 14    XL:     18   Next: 7%
Magic:  15/46      EV: 34    Int: 17    God:    Makhleb [*****.]
Gold:   0          SH:  0    Dex: 21    Spells: 1 memorised, 64 levels left

rFire  . . .     SeeInvis +     j - +∞ Axe of Woe
rCold  . . .     Gourm    .     a - +0 robe
rNeg   . . .     Faith    .     (shield currently unavailable)
rPois  .         Spirit   .     (helmet unavailable)
rElec  .         Dismiss  .     (no cloak)
rCorr  .         Reflect  .     (no gloves)
SustAt .         Harm     .     (no boots)
MR     +....     NoTele   +     (no amulet)
Stlth  +++++++++.               (no ring)
                                (no ring)

@: mighty, somewhat resistant to hostile enchantments, incredibly stealthy
A: antennae 3, rugged brown scales 3, powered by pain 2, robust 1, spiny 2
a: Minor Destruction, Lesser Servant of Makhleb, Major Destruction, Greater
Servant of Makhleb, Renounce Religion


You were in the Dungeon.
You worshipped Makhleb.
Makhleb was extremely pleased with you.
You were not hungry.

You visited 1 branch

Inventory:

Hand Weapons
 j - the +∞ Axe of Woe (weapon)
   (You found it in the Dungeon)
Armour
 a - a +0 robe (worn)
Scrolls
 i - a scroll of blinking
Potions
 d - a potion of curing
 e - a potion of heal wounds
 f - a potion of haste
 g - 2 potions of magic
 h - a potion of berserk rage
Books
 b - a book of Necromancy

   Spells                             Type                      Level
   a - Pain                           Necromancy                   1
   b - Animate Skeleton               Necromancy                   1
   c - Vampiric Draining              Necromancy                   3
   d - Regeneration                   Charms/Necromancy            3
   e - Animate Dead                   Necromancy                   4
   f - Control Undead                 Necromancy                   4
Comestibles
 c - a bread ration


   Skills:
 + Level 18.0 Fighting
 + Level 20.7 Axes
 + Level 23.5 Dodging
 + Level 23.7 Stealth
 + Level 24.2 Spellcasting
 O Level 27 Necromancy


You had 64 spell levels left.
You knew the following spells:

 Your Spells              Type           Power        Failure   Level  Hunger
a - Pain                  Necr           ####         0%          1    None


Dungeon Overview and Level Annotations

Branches:
Dungeon (1/1)

Altars:
Makhleb


Innate Abilities, Weirdness & Mutations

You have a pair of large antennae on your head (SInv).
You are completely covered in rugged brown scales (AC +3, +7% HP).
You sometimes gain power by taking damage.
You are robust (+10% HP).
You are mostly covered in sharp spines.


Message History

You have reached level 18!
Your experience leads to an increase in your attributes!
Your base attributes are Str 9, Int 17, Dex 20.
Increase (S)trength, (I)ntelligence, or (D)exterity?
You feel agile.
Your demonic ancestry asserts itself...
You feel robust.
You hear a shout! x14
Unknown command.
Unknown command.
Unknown command.
Memorise Animate Dead, consuming 4 spell levels and leaving 60?
You hear a shout!
The destroyer blinks!
You hear a shout! x3
You start memorising the spell.
You continue memorising.
You hear a shout! x3
The destroyer hits you with a +9 great sword of slicing!!!!!
Your memorisation is interrupted.
Ouch! That really hurt!
You die... {.{ {{ {. {{{{{{

.o {#{ {{{ .#
#..{{ ..#
.###.. ..###.
......###......
...§...@)......
....#.V)).#....
. #_.<._# .
#.....#
....._.....
......###......
.###.. O.###.
#.. ..# #.. ..#


You could see a destroyer and a meat berserker (berserk).

Vanquished Creatures
  A vampire knight (D)
  2 ogres (D)
  9 orcs (D)
12 creatures vanquished.

Notes
Turn   | Place    | Note
--------------------------------------------------------------
     0 | D        | tix the Demonspawn Necromancer began the quest for the Orb.
     0 | D        | Reached XP level 1. HP: 13/13 MP: 3/3
     3 | D        | Noticed a bag of meat
     4 | D        | Became a worshipper of Makhleb the Destroyer
     5 | D        | Noticed a bag of meat
     6 | D        | Noticed a bag of meat
     7 | D        | Noticed a bag of meat
     7 | D        | Noticed a bag of meat
     8 | D        | Noticed a bag of meat
    11 | D        | Noticed a meat berserker
    11 | D        | Killed a bag of meat
    11 | D        | Reached skill level 24 in Necromancy
    11 | D        | Gained mutation: You have a pair of small antennae on your head. [demonic ancestry]
    11 | D        | Reached XP level 2. HP: 23/23 MP: 3/11
    11 | D        | Reached XP level 3. HP: 28/28 MP: 3/13
    11 | D        | Reached XP level 4. HP: 34/34 MP: 3/14
    11 | D        | Reached XP level 5. HP: 39/39 MP: 3/16
    11 | D        | Reached XP level 6. HP: 46/46 MP: 3/17
    11 | D        | Gained mutation: You are partially covered in sharp spines. [demonic ancestry]
    11 | D        | Reached XP level 7. HP: 51/51 MP: 3/19
    11 | D        | Reached XP level 8. HP: 57/57 MP: 3/20
    11 | D        | Gained mutation: You are partially covered in rugged brown scales (AC +1, +3% HP). [demonic ancestry]
    11 | D        | Reached XP level 9. HP: 57/63 MP: 3/21
    11 | D        | Gained mutation: You have a pair of antennae on your head. [demonic ancestry]
    11 | D        | Reached XP level 10. HP: 63/70 MP: 3/22
    11 | D        | Gained mutation: You are mostly covered in rugged brown scales (AC +2, +5% HP). [demonic ancestry]
    11 | D        | Reached XP level 11. HP: 63/77 MP: 3/23
    12 | D        | Noticed a meat berserker
    12 | D        | Killed a bag of meat
    12 | D        | Reached * piety under Makhleb
    12 | D        | Reached skill level 10 in Dodging
    12 | D        | Reached skill level 10 in Stealth
    12 | D        | Reached skill level 10 in Spellcasting
    12 | D        | Reached skill level 27 in Necromancy
    12 | D        | Reached XP level 12. HP: 31/84 MP: 3/26
    12 | D        | Killed a bag of meat
    12 | D        | Gained mutation: You have a pair of large antennae on your head (SInv). [demonic ancestry]
    12 | D        | Reached XP level 13. HP: 75/94 MP: 3/30
    13 | D        | Noticed a bag of meat
    13 | D        | Killed a meat berserker
    13 | D        | Reached ** piety under Makhleb
    13 | D        | Reached skill level 10 in Axes
    13 | D        | Reached skill level 15 in Dodging
    13 | D        | Gained mutation: You are mostly covered in sharp spines. [demonic ancestry]
    13 | D        | Reached XP level 14. HP: 108/108 MP: 3/34
    13 | D        | Killed a bag of meat
    13 | D        | Gained mutation: You sometimes gain a little power by taking damage. [demonic ancestry]
    13 | D        | Reached XP level 15. HP: 117/117 MP: 3/36
    18 | D        | Killed a meat berserker
    18 | D        | Reached *** piety under Makhleb
    18 | D        | Reached skill level 10 in Fighting
    18 | D        | Gained mutation: You sometimes gain power by taking damage. [demonic ancestry]
    18 | D        | Reached XP level 16. HP: 133/133 MP: 13/40
    19 | D        | Reached skill level 15 in Axes
    20 | D        | Noticed a destroyer
    21 | D        | Noticed a destroyer
    23 | D        | Reached **** piety under Makhleb
    23 | D        | Gained mutation: You are completely covered in rugged brown scales (AC +3, +7% HP). [demonic ancestry]
    23 | D        | Reached XP level 17. HP: 112/149 MP: 14/43
    23 | D        | Killed a destroyer
    23 | D        | Reached ***** piety under Makhleb
    23 | D        | Gained mutation: You are robust (+10% HP). [demonic ancestry]
    23 | D        | Reached XP level 18. HP: 159/183 MP: 14/46
    25 | D        | Noticed a meat berserker
    25 | D        | Demolished by a destroyer

Skill      XL: |  1  2  3  4  5  6  7  8  9 10 11 12 13 14 15 16 17 |
---------------+----------------------------------------------------+-----
Fighting       | 2 4 7 8 11 14 18 | 18.0
Axes           | 2 4 6 10 11 14 17 20 | 20.7
Dodging        | 8 10 13 15 17 19 21 23 | 23.5
Stealth        | 8 10 13 16 17 19 21 23 | 23.7
Spellcasting   | 8 10 13 16 17 20 22 24 | 24.2
Necromancy     | 24 27 | 27.0

Action                   |  1- 3 |  4- 6 |  7- 9 | 10-12 | 13-15 | 16-18 || total
-------------------------+-------+-------+-------+-------+-------+-------++-------
Melee: Executioner's axe |     1 |       |       |     1 |     2 |     2 ||     6
 Cast: Pain              |       |       |       |       |     1 |       ||     1
Dodge: Dodged            |       |       |       |       |     4 |     2 ||     6
